IL
NEW ORLEANS ZEPHYRS @ SACRAMENTO RIVER CATS
04/16/2048
 
TOP OF THE 1ST
New Orleans Zephyrs batting - Pitching for Sacramento River Cats : RHP Tong Huang
Pitching: RHP Tong Huang
Batting: LHB David Doge 0-0: Called Strike
0-1: Swinging Strike
0-2: Ball
1-2: Strikes out looking
Batting: RHB Rick Fell 0-0: Foul Ball, location: 2F
0-1: SINGLE (Groundball, 6MS, EV 70.6 MPH) (infield hit)
Batting: RHB Manuel Taveras 0-0: Swinging Strike
0-1: Ball
1-1: Swinging Strike
1-2: Fly out, F9 (Flyball, 89S, EV 87.5 MPH)
Batting: RHB Adam McGurn 0-0: Called Strike
Rick Fell steals 2nd base
0-1: Ball
1-1: Ball
2-1: Swinging Strike
2-2: Strikes out swinging
Top of the 1st over - 0 runs, 1 hit, 0 errors, 1 left on base; New Orleans 0 - Sacramento 0
BOTTOM OF THE 1ST
Sacramento River Cats batting - Pitching for New Orleans Zephyrs : RHP Mike Powell
Pitching: RHP Mike Powell
Batting: LHB Kevin Kantor 0-0: Fly out, F7 (Line Drive, 78D, EV 106.9 MPH)
Batting: RHB Dave Crouch 0-0: Ball
1-0: DOUBLE (Flyball, 89XD, EV 96.9 MPH)
Batting: LHB Mason Duffy 0-0: Ball
1-0: Foul Ball, location: 2F
1-1: Ball
2-1: SINGLE (Groundball, 6S, EV 67.5 MPH) (infield hit)
Dave Crouch to third
Batting: LHB Jared Paige 0-0: Called Strike
0-1: Fielders Choice at 2nd, 1-6 (Groundball, 13S, EV 68.1 MPH)
Batting: LHB Terry Ebersole 0-0: Called Strike
0-1: Ball
1-1: Ball
2-1: Ball
3-1: Foul Ball, location: 2F
3-2: Base on Balls
Jared Paige to second
Batting: RHB Brian Rogers 0-0: Foul Ball, location: 2F
0-1: Ball
1-1: Foul Ball, location: 2F
1-2: Strikes out swinging
Bottom of the 1st over - 0 runs, 2 hits, 0 errors, 3 left on base; New Orleans 0 - Sacramento 0
TOP OF THE 2ND
New Orleans Zephyrs batting - Pitching for Sacramento River Cats : RHP Tong Huang
Batting: RHB Jack Power 0-0: Ball
1-0: Called Strike
1-1: Ball
2-1: Ground out U3 (Groundball, 3, EV 88.8 MPH)
Batting: RHB Isaiah Brockman 0-0: Ball
1-0: Called Strike
1-1: Foul Ball, location: 2F
1-2: Strikes out swinging
Batting: RHB Torquato Obawole 0-0: SINGLE (Flyball, 8LS, EV 87.5 MPH)
Batting: RHB Masumitsu Sugiura 0-0: Ball
1-0: Foul Ball, location: 2F
1-1: Ball
Torquato Obawole steals 2nd base
2-1: Foul Ball, location: 2F
2-2: Ball
Wild Pitch!
Torquato Obawole to third
3-2: Fly out, F7 (Flyball, 7LSF, EV 85.6 MPH)
Top of the 2nd over - 0 runs, 1 hit, 0 errors, 1 left on base; New Orleans 0 - Sacramento 0
BOTTOM OF THE 2ND
Sacramento River Cats batting - Pitching for New Orleans Zephyrs : RHP Mike Powell
Batting: RHB Cesar Martinez 0-0: Called Strike
0-1: Called Strike
0-2: Ball
1-2: Foul Ball, location: 2F
1-2: Strikes out looking
Batting: RHB Nick Wicker 0-0: Ball
1-0: Ball
2-0: Called Strike
2-1: Ball
3-1: Foul Ball, location: 2F
3-2: Foul Ball, location: 2F
3-2: Foul Ball, location: 2F
3-2: Foul Ball, location: 2F
3-2: Foul Ball, location: 2F
3-2: Ground out U3 (Groundball, 34S, EV 71.9 MPH)
Batting: RHB Matt Shepard 0-0: Foul Ball, location: 2F
0-1: Ball
1-1: Ball
2-1: Ball
3-1: Foul Ball, location: 2F
3-2: Base on Balls
Batting: LHB Kevin Kantor 0-0: Ball
1-0: Fielders Choice at 2nd, 6-4 (Groundball, 6, EV 91.2 MPH)
Bottom of the 2nd over - 0 runs, 0 hits, 0 errors, 1 left on base; New Orleans 0 - Sacramento 0
TOP OF THE 3RD
New Orleans Zephyrs batting - Pitching for Sacramento River Cats : RHP Tong Huang
Batting: RHB John Jackson 0-0: Ball
1-0: Foul Ball, location: 2F
1-1: SINGLE (Groundball, 4S, EV 75.0 MPH) (infield hit)
Batting: LHB David Doge 0-0: Fielders Choice at 2nd, 5-4 (Groundball, 5L, EV 111.2 MPH)
Batting: RHB Rick Fell 0-0: Called Strike
0-1: Ball
1-1: Ball
2-1: Ball
3-1: Base on Balls
David Doge to second
Batting: RHB Manuel Taveras 0-0: SINGLE (Groundball, 56S, EV 72.5 MPH) (infield hit)
David Doge to third
Rick Fell to second
Batting: RHB Adam McGurn 0-0: Ball
Wild Pitch!
David Doge scores
Rick Fell to third
Manuel Taveras to second
1-0: Swinging Strike
1-1: TRIPLE (Flyball, 89D, EV 96.2 MPH)
Rick Fell scores
Manuel Taveras scores
Batting: RHB Jack Power 0-0: Ground out 4-3 (Groundball, 4, EV 91.9 MPH)
Adam McGurn scores
Batting: RHB Isaiah Brockman 0-0: Foul Ball, location: 2F
0-1: Ground out 5-3 (Groundball, 56, EV 102.5 MPH)
Top of the 3rd over - 4 runs, 3 hits, 0 errors, 0 left on base; New Orleans 4 - Sacramento 0
BOTTOM OF THE 3RD
Sacramento River Cats batting - Pitching for New Orleans Zephyrs : RHP Mike Powell
Batting: RHB Dave Crouch 0-0: SINGLE (Groundball, 5D, EV 106.9 MPH)
Batting: LHB Mason Duffy 0-0: Called Strike
Dave Crouch is caught stealing 2nd base 2-6
0-1: Called Strike
0-2: Strikes out looking
Batting: LHB Jared Paige 0-0: Ball
1-0: Foul Ball, location: 2F
1-1: SOLO HOME RUN (Flyball, 7D, EV 99.4 MPH), Distance : 393 ft
Batting: LHB Terry Ebersole 0-0: Called Strike
0-1: Called Strike
0-2: Ground out 4-3 (Groundball, 34D, EV 105.6 MPH)
Bottom of the 3rd over - 1 run, 2 hits, 0 errors, 0 left on base; New Orleans 4 - Sacramento 1
TOP OF THE 4TH
New Orleans Zephyrs batting - Pitching for Sacramento River Cats : RHP Tong Huang
Batting: RHB Torquato Obawole 0-0: Called Strike
0-1: Fly out, F6 (Popup, 6MD, EV 43.1 MPH)
Batting: RHB Masumitsu Sugiura 0-0: Ground out 6-3 (Groundball, 4MS, EV 81.9 MPH)
Batting: RHB John Jackson 0-0: Ball
1-0: Called Strike
1-1: Ball
2-1: Fly out, F8 (Flyball, 89M, EV 90.6 MPH)
Top of the 4th over - 0 runs, 0 hits, 0 errors, 0 left on base; New Orleans 4 - Sacramento 1
BOTTOM OF THE 4TH
Sacramento River Cats batting - Pitching for New Orleans Zephyrs : RHP Mike Powell
Batting: RHB Brian Rogers 0-0: Ball
1-0: Ball
2-0: Foul Ball, location: 2F
2-1: Ball
3-1: SOLO HOME RUN (Line Drive, 7D, EV 101.2 MPH), Distance : 393 ft
Batting: RHB Cesar Martinez 0-0: Called Strike
0-1: Called Strike
0-2: Ball
1-2: Foul Ball, location: 2F
1-2: Strikes out swinging
Batting: RHB Nick Wicker 0-0: Called Strike
0-1: Called Strike
0-2: Strikes out swinging
Batting: RHB Matt Shepard 0-0: Called Strike
0-1: Swinging Strike
0-2: Strikes out looking
Bottom of the 4th over - 1 run, 1 hit, 0 errors, 0 left on base; New Orleans 4 - Sacramento 2
TOP OF THE 5TH
New Orleans Zephyrs batting - Pitching for Sacramento River Cats : RHP Tong Huang
Batting: LHB David Doge 0-0: Called Strike
0-1: Ball
1-1: Ball
2-1: SINGLE (Line Drive, 6M, EV 100.6 MPH)
Batting: RHB Rick Fell Pickoff Play to 1st, Runner tries for 2nd, OUT after rundown.
0-0: Ball
1-0: Swinging Strike
1-1: Foul Ball, location: 2F
1-2: Ball
2-2: Strikes out swinging
Batting: RHB Manuel Taveras 0-0: Ball
1-0: Swinging Strike
1-1: Fly out, F9 (Flyball, 9, EV 90.6 MPH)
Top of the 5th over - 0 runs, 1 hit, 0 errors, 0 left on base; New Orleans 4 - Sacramento 2
BOTTOM OF THE 5TH
Sacramento River Cats batting - Pitching for New Orleans Zephyrs : RHP Mike Powell
Batting: LHB Kevin Kantor 0-0: Ball
1-0: Swinging Strike
1-1: Foul Ball, location: 2F
1-2: Ball
2-2: Foul Ball, location: 2F
2-2: Strikes out looking
Batting: RHB Dave Crouch 0-0: SINGLE (Groundball, 6MD, EV 95.6 MPH)
Batting: LHB Mason Duffy 0-0: Ball
1-0: Called Strike
1-1: Foul Ball, location: 2F
1-2: Strikes out swinging
Batting: LHB Jared Paige 0-0: Called Strike
0-1: Ball
1-1: Ball
2-1: Swinging Strike
2-2: Ball
3-2: Base on Balls
Dave Crouch to second
Batting: LHB Terry Ebersole 0-0: Ball
1-0: Ball
2-0: Called Strike
2-1: Ball
Balk!
Dave Crouch to third
Jared Paige to second
3-1: Swinging Strike
3-2: Base on Balls
Batting: RHB Brian Rogers 0-0: Ball
1-0: Ball
2-0: Called Strike
2-1: Ball
3-1: Foul Ball, location: 2F
3-2: Foul Ball, location: 2F
3-2: Ground out 1-3 (Groundball, P, EV 67.5 MPH)
Bottom of the 5th over - 0 runs, 1 hit, 0 errors, 3 left on base; New Orleans 4 - Sacramento 2
TOP OF THE 6TH
New Orleans Zephyrs batting - Pitching for Sacramento River Cats : RHP Tong Huang
Batting: RHB Adam McGurn 0-0: Foul Ball, location: 2F
0-1: Ball
1-1: Fly out, F9 (Flyball, 9LS, EV 80.0 MPH)
Batting: RHB Jack Power 0-0: Ball
1-0: Called Strike
1-1: Fly out, F9 (Flyball, 9LM, EV 75.0 MPH)
Batting: RHB Isaiah Brockman 0-0: Swinging Strike
0-1: Ball
1-1: Swinging Strike
1-2: Ball
2-2: Ball
3-2: Strikes out swinging
Top of the 6th over - 0 runs, 0 hits, 0 errors, 0 left on base; New Orleans 4 - Sacramento 2
BOTTOM OF THE 6TH
Sacramento River Cats batting - Pitching for New Orleans Zephyrs : RHP Mike Powell
Pitching: RHP Giampaolo Nobile
Batting: RHB Cesar Martinez 0-0: Foul Ball, location: 2F
0-1: Ball
1-1: Foul Ball, location: 2F
1-2: Strikes out swinging
Batting: RHB Nick Wicker 0-0: Called Strike
0-1: Ground out 3-1 (Groundball, 34, EV 85.0 MPH)
Batting: RHB Matt Shepard 0-0: Ball
1-0: Called Strike
1-1: Ball
2-1: Bunted foul
2-2: Ground out 6-3 (Groundball, 6D, EV 103.8 MPH)
Bottom of the 6th over - 0 runs, 0 hits, 0 errors, 0 left on base; New Orleans 4 - Sacramento 2
TOP OF THE 7TH
New Orleans Zephyrs batting - Pitching for Sacramento River Cats : RHP Tong Huang
Batting: RHB Torquato Obawole 0-0: Called Strike
0-1: Called Strike
0-2: Strikes out looking
Batting: RHB Masumitsu Sugiura 0-0: Fly out, F5 (Popup, 5, EV 76.2 MPH)
Batting: RHB John Jackson 0-0: Called Strike
0-1: Fly out, F4 (Line Drive, 4M, EV 70.0 MPH)
Top of the 7th over - 0 runs, 0 hits, 0 errors, 0 left on base; New Orleans 4 - Sacramento 2
BOTTOM OF THE 7TH
Sacramento River Cats batting - Pitching for New Orleans Zephyrs : RHP Giampaolo Nobile
Batting: LHB Kevin Kantor 0-0: Ball
1-0: Ground out 4-3 (Groundball, 4, EV 84.4 MPH)
Batting: RHB Dave Crouch 0-0: Fly out, F7 (Flyball, 7LD, EV 96.9 MPH)
Batting: LHB Mason Duffy 0-0: Called Strike
0-1: Ball
1-1: Ball
2-1: Foul Ball, location: 2F
2-2: Foul Ball, location: 2F
2-2: Foul Ball, location: 2F
2-2: Ball
3-2: Base on Balls
Batting: LHB Jared Paige 0-0: Ball
1-0: Foul Ball, location: 2F
1-1: Ground out U3 (Groundball, 3S, EV 65.0 MPH)
Bottom of the 7th over - 0 runs, 0 hits, 0 errors, 1 left on base; New Orleans 4 - Sacramento 2
TOP OF THE 8TH
New Orleans Zephyrs batting - Pitching for Sacramento River Cats : RHP Tong Huang
Batting: LHB David Doge 0-0: Fly out, F7 (Flyball, 7, EV 94.4 MPH)
Batting: RHB Rick Fell 0-0: Ball
1-0: Called Strike
1-1: Ball
2-1: Called Strike
2-2: Foul Ball, location: 2F
2-2: Foul Ball, location: 2F
2-2: Foul Ball, location: 2F
2-2: Foul Ball, location: 2F
2-2: Strikes out swinging
Batting: RHB Manuel Taveras 0-0: Ground out U3 (Groundball, 3S, EV 69.4 MPH)
Top of the 8th over - 0 runs, 0 hits, 0 errors, 0 left on base; New Orleans 4 - Sacramento 2
BOTTOM OF THE 8TH
Sacramento River Cats batting - Pitching for New Orleans Zephyrs : RHP Giampaolo Nobile
Pitching: RHP J.P. Wilson
Batting: LHB Terry Ebersole 0-0: Ball
1-0: SINGLE (Line Drive, 34, EV 95.0 MPH)
Batting: RHB Brian Rogers 0-0: Swinging Strike
0-1: Ball
1-1: Ball
2-1: Called Strike
2-2: Ball
3-2: Strikes out swinging
Batting: RHB Cesar Martinez 0-0: Called Strike
0-1: DOUBLE (Flyball, 78D, EV 90.6 MPH)
Terry Ebersole to third
Runner from 3rd tries for Home, SAFE, throw by LF to home
Batting: RHB Nick Wicker 0-0: Called Strike
0-1: Ground out 6-3 (Groundball, 6, EV 113.8 MPH)
Batting: RHB Matt Shepard 0-0: Ground out 4-3 (Groundball, 4, EV 83.8 MPH)
Bottom of the 8th over - 1 run, 2 hits, 0 errors, 1 left on base; New Orleans 4 - Sacramento 3
TOP OF THE 9TH
New Orleans Zephyrs batting - Pitching for Sacramento River Cats : RHP Tong Huang
Batting: RHB Adam McGurn 0-0: Called Strike
0-1: Foul Ball, location: 2F
0-2: Ball
1-2: Ball
2-2: Fly out, F5 (Line Drive, 5L, EV 66.2 MPH)
Batting: RHB Jack Power 0-0: Foul Ball, location: 2F
0-1: Called Strike
0-2: Ball
1-2: SINGLE (Groundball, 6M, EV 83.8 MPH) (infield hit)
Pitching: RHP Doug Kennie
Batting: RHB Isaiah Brockman 0-0: Called Strike
0-1: Ball
1-1: Foul Ball, location: 2F
1-2: Ball
2-2: Strikes out looking
Batting: RHB Torquato Obawole 0-0: Ball
1-0: Ball
2-0: Swinging Strike
2-1: Foul Ball, location: 2F
2-2: Strikes out looking
Top of the 9th over - 0 runs, 1 hit, 0 errors, 1 left on base; New Orleans 4 - Sacramento 3
BOTTOM OF THE 9TH
Sacramento River Cats batting - Pitching for New Orleans Zephyrs : RHP J.P. Wilson
Pitching: LHP Nick Gore
Batting: LHB Kevin Kantor 0-0: Swinging Strike
0-1: Ground out 4-3 (Groundball, 34, EV 108.1 MPH)
Batting: RHB Dave Crouch 0-0: SINGLE (Groundball, 4MD, EV 98.1 MPH)
Pinch Hitting: RHB Hugo Zacarias 0-0: Ball
1-0: Called Strike
1-1: Foul Ball, location: 2F
1-2: Strikes out swinging
Pinch Hitting: RHB Troy Trice 0-0: Ball
1-0: Ball
2-0: Fielders Choice at 2nd, 6-4 (Groundball, 56, EV 87.5 MPH)
Bottom of the 9th over - 0 runs, 1 hit, 0 errors, 1 left on base; New Orleans 4 - Sacramento 3
Tuesday, March 28th , 2023 - OOTP Baseball 23.10 Build 110